 Dungeon Crawl Stone Soup version 0.27.1 (webtiles) character file.

Game seed: 615842769911810491

1351 MacCMillion the Chiller (level 8, -1/64 HPs)
             Began as a Merfolk Ice Elementalist on Aug 22, 2021.
             Slain by a yak (14 damage)
             ... on level 5 of the Dungeon.
             The game lasted 00:22:30 (8035 turns).

MacCMillion the Chiller (Merfolk Ice Elementalist)  Turns: 8035, Time: 00:22:31

Health: -1/64      AC:  2    Str:  8    XL:     8   Next: 63%
Magic:  7/21       EV: 15    Int: 11    God:
Gold:   77         SH:  0    Dex: 26    Spells: 9/13 levels left

rFire    . . .     SeeInvis .   e - +1 short sword "Howuhoba" {vorpal, rPois rCorr Int-5 Dex+5}
rCold    . . .     Faith    .   (no shield)
rNeg     . . .     Spirit   .   a - +0 robe
rPois    +         Reflect  .   (no helmet)
rElec    .         Harm     .   (no cloak)
rCorr    +         Rampage  .   (no gloves)
Will     .....                  (no boots)
Stlth    ++++......             (no amulet)
HPRegen  0.20/turn              k - +6 ring of dexterity
MPRegen  0.17/turn              w - ring of magical power

@: freezing walls
A: (nimble swimmer 2), mertail
a: no special abilities


You were on level 5 of the Dungeon.
You visited 1 branch of the dungeon, and saw 5 of its levels.

You collected 237 gold pieces.
You spent 160 gold pieces at shops.

Inventory:

Hand Weapons
 c - a +0 rapier
 e - the +1 short sword "Howuhoba" (weapon) {vorpal, rPois rCorr Int-5 Dex+5}
   (You bought it in a shop on level 5 of the Dungeon)

   It inflicts extra damage upon your enemies.
   Int:       It affects your intelligence (-5).
   Dex:       It affects your dexterity (+5).
   rPois:     It protects you from poison.
   rCorr:     It protects you from acid and corrosion.
 g - a +0 spear
 t - a +4 mace of venom
Missiles
 q - 6 boomerangs
Armour
 a - a +0 robe (worn)
Jewellery
 k - a +6 ring of dexterity (left hand)
 s - a ring of flight
 w - a ring of magical power (right hand)
Scrolls
 b - a scroll of enchant armour {unknown}
 i - 2 scrolls of noise {unknown}
 m - a scroll of enchant weapon {unknown}
 o - a scroll of magic mapping
 p - a scroll of blinking {unknown}
 u - a scroll of teleportation {unknown}
 v - a scroll of immolation {unknown}
Potions
 d - a potion of haste
 f - a potion of brilliance {unknown}
 h - 4 potions of degeneration
 j - 2 potions of curing {unknown}
 l - a potion of heal wounds
 n - 2 potions of magic
 r - 3 potions of ambrosia {unknown}


   Skills:
 - Level 5.7 Fighting
 * Level 5.4 Short Blades
 + Level 4.3 Dodging
 + Level 5.1 Stealth
 - Level 3.0 Spellcasting
 - Level 7.0 Ice Magic


You had 9 spell levels left.
You knew the following spells:

 Your Spells              Type           Power      Damage    Failure   Level
a - Freeze                Ice            68%        1d8       1%          1
b - Frozen Ramparts       Ice            34%        1d5       4%          3

Your spell library contained the following spells:

 Spells                   Type           Power      Damage    Failure   Level
 Ozocubu's Armour         Ice            17%        N/A       4%          3
 Hailstorm                Conj/Ice       9%         3d4       52%         4
 Conjure Flame            Conj/Fire      1%         6-21      61%         3
 Ignite Poison            Fire/Tmut/Pois 1%         N/A       61%         3
 Sticky Flame             Conj/Fire      1%         2d3       95%         4


Dungeon Overview and Level Annotations

Branches:
Dungeon (5/15)
 Temple: D:4-7

Altars:

Shops:
D:5 (

Annotations:
D:3 Sigmund
D:4 Edmund


Innate Abilities, Weirdness & Mutations

((You are quick and stealthy near water. (Stealth+, EV+, Speed+++)))
Your lower body shifts to a powerful aquatic tail in water.


Message History

The wall freezes the yak. x2
You hit the yak.
You kill the yak!
Your Short Blades skill increases to level 5!
Your Dodging skill increases to level 4!
Your Stealth skill increases to level 5!
The wall freezes the yak. x2
Aiming: Freeze (safe; 1% risk of failure)
Press: ? - help, Q - select action, (/) - cycle Shift-Dir - straight line, f - yak
Aim: a yak (lightly wounded)
You freeze the yak.
The yak is lightly wounded.
The wall freezes the yak.
The yak gores you.
The wall freezes the yak.
Unknown command.
Aiming: Freeze (safe; 1% risk of failure)
Press: ? - help, Q - select action, (/) - cycle Shift-Dir - straight line, f/p - yak
Aim: a yak (lightly wounded)
You freeze the yak.
The yak is moderately wounded.
The wall freezes the yak. x2
Aiming: Freeze (safe; 1% risk of failure)
Press: ? - help, Q - select action, (/) - cycle Shift-Dir - straight line, f/p - yak
Aim: a yak (moderately wounded)
You freeze the yak.
The yak is moderately wounded.
The wall freezes the yak.
The yak gores you but does no damage.
The wall freezes the yak.
The yak misses you.
Unknown command.
You barely miss the yak.
The yak is almost dead.
The frozen ramparts melt away.
The yak barely misses you. The yak misses you.
Casting: Freeze (safe; 1% risk of failure)
Confirm with . or Enter, or press ? or * to list all spells.
Casting: Frozen Ramparts (dangerous; 4% risk of failure)
Press: ? - help, Dir - look around, f - activate The walls around you are covered in ice.
The wall freezes the yak.
The yak gores you!
* * * LOW HITPOINT WARNING * * *
The wall freezes the yak.
The yak gores you!
You die...

#......# #...#
##<## #.# ###...##
##.8## ##(## ####
########.#.# ##.##
##.#
######...##∩###.##
#..###
##.......###.##..#
#.....
###.......##
#<##### #.....
###......#### #.#
###### ##..######
##8# ...## #Y@#
#### #Y## ###
#######.## #.##
##.......)## ##.#
# #...####...##
##.# #### ###..##
###Y.####..#
...###...##
##..[....##
........##
###.Y.######
.......##
##......##


You could see 2 yaks.

Vanquished Creatures
  2 yaks (D:5)
  2 sky beasts (D:5)
  2 ogres
  Blork the orc (D:4)
  A water moccasin zombie (D:5)
  A scorpion (D:5)
  A howler monkey (D:5)
  3 hounds
  2 orc priests
  An orc wizard (D:5)
  Natasha (twice) (D:4)
  12 adders
  A howler monkey skeleton (D:5)
  A shadow imp (D:5)
  An ufetubus (D:5)
  3 worms
  2 dart slugs (D:1)
  15 orcs
  9 endoplasms
  4 giant cockroaches
  10 hobgoblins
  11 jackals
  4 quokkas
  8 ball pythons
  9 bats
  3 frilled lizards
  7 goblins
  7 kobolds
  4 rats
129 creatures vanquished.

Notes
Turn   | Place    | Note
-------+----------+-------------------------------------------
     0 | D:1      | MacCMillion the Merfolk Ice Elementalist began the quest
                  | for the Orb.
     0 | D:1      | Reached XP level 1. HP: 13/13 MP: 3/3
   292 | D:1      | Reached skill level 1 in Short Blades
   292 | D:1      | Reached XP level 2. HP: 12/19 MP: 1/5
   803 | D:1      | Reached skill level 5 in Ice Magic
   891 | D:1      | Reached XP level 3. HP: 24/24 MP: 3/6
  1250 | D:1      | Learned a level 3 spell: Frozen Ramparts
  2089 | D:2      | Reached XP level 4. HP: 30/30 MP: 5/7
  2707 | D:2      | Reached skill level 6 in Ice Magic
  3114 | D:3      | Reached XP level 5. HP: 29/35 MP: 3/8
  3606 | D:3      | Noticed Sigmund
  4613 | D:4      | Reached XP level 6. HP: 24/41 MP: 5/10
  4897 | D:4      | Noticed Blork the orc
  4908 | D:4      | Killed Blork the orc
  4909 | D:4      | Reached skill level 7 in Ice Magic
  4909 | D:4      | Reached skill level 1 in Fighting
  5255 | D:4      | Noticed Natasha
  5261 | D:4      | Killed Natasha
  5545 | D:4      | Noticed Edmund
  5817 | D:4      | Noticed Natasha
  5822 | D:4      | Killed Natasha
  6052 | D:5      | Entered Level 5 of the Dungeon
  6052 | D:5      | Noticed a sky beast
  6062 | D:4      | Reached XP level 7. HP: 42/52 MP: 3/11
  6531 | D:5      | Reached skill level 5 in Fighting
  6741 | D:5      | Reached XP level 8. HP: 64/64 MP: 6/12
  7213 | D:5      | Found Soilel's Antique Weapon Boutique.
  7220 | D:5      | Bought a bloodstained short sword for 160 gold pieces
  7220 | D:5      | Identified the +1 short sword "Howuhoba" {vorpal, rPois
                  | rCorr Int-5 Dex+5} (You bought it in a shop on level 5 of
                  | the Dungeon)
  7990 | D:5      | Noticed a yak
  7990 | D:5      | Noticed a yak
  7993 | D:5      | Noticed a yak
  7995 | D:5      | Noticed a yak
  7999 | D:5      | Killed a yak
  8029 | D:5      | Killed a yak
  8030 | D:5      | Reached skill level 5 in Short Blades
  8030 | D:5      | Reached skill level 5 in Stealth
  8035 | D:5      | Slain by a yak

Illustrated notes

Levels and vault maps discovered:
D:1:      roderic_chinese_lattice_arrival, layout_loops_ring, minmay_vboxes
D:2:      layout_basic
D:3:      layout_basic, uniq_sigmund
D:4:      layout_loops_ring, uniq_blork_the_orc, uniq_natasha, uniq_edmund
D:5:      layout_layer_cave, serial_shops, shop_statue

Skill      XL: |  1  2  3  4  5  6  7  8 |
---------------+-------------------------+-----
Short Blades   | 1 2 3 5 |  5.4
Ice Magic      | 5 6 7 |  7.0
Spellcasting   | 3 |  3.0
Fighting       | 3 5 |  5.7
Stealth        | 3 4 5 |  5.1
Dodging        | 4 |  4.3

Action                   |  1- 3 |  4- 6 |  7- 9 || total
-------------------------+-------+-------+-------++-------
Melee: Rapier            |    67 |    58 |    41 ||   166
       Short sword       |       |       |    18 ||    18
 Cast: Freeze            |    44 |    53 |    35 ||   132
       Frozen Ramparts   |     1 |    13 |    11 ||    25
  Use: Scroll            |       |       |     5 ||     5
       Potion            |       |       |     1 ||     1
 Stab: Sleeping          |     5 |     6 |     3 ||    14
       Distracted        |     1 |       |       ||     1
Armor: Robe              |    29 |    10 |     9 ||    48
Dodge: Dodged            |    64 |    53 |    60 ||   177
